 Dungeon Crawl Stone Soup version 0.25-a0-346-g140ab784a8 (webtiles) character file.

Game seed: 7030027960678071829, levelgen mode: deterministic

41 pk666 the Magician (level 3, -1/19 HPs)
             Began as a Deep Elf Wizard on Jan 1, 2020.
             Hit by a stone thrown by a gnoll (5 damage)
             ... on level 4 of the Dungeon.
             The game lasted 00:01:29 (1229 turns).

pk666 the Magician (Deep Elf Wizard)                Turns: 1229, Time: 00:01:30

Health: -1/19      AC:  2    Str:  4    XL:     3   Next: 32%
Magic:  5/11       EV: 13    Int: 23    God:
Gold:   122        SH:  0    Dex: 13    Spells: 1/12 levels left

rFire    . . .     SeeInvis .   c - +0 dagger
rCold    . . .     Gourm    .   (no shield)
rNeg     . . .     Faith    .   a - +0 robe
rPois    .         Spirit   .   b - +0 hat
rElec    .         Reflect  .   (no cloak)
rCorr    .         Harm     .   (no gloves)
MR       .....                  (no boots)
Stlth    ++........             (no amulet)
HPRegen  0.06/turn              (no ring)
MPRegen  0.12/turn              (no ring)

@: no status effects
A: no striking features
a: no special abilities


You were on level 4 of the Dungeon.
You were hungry.

You visited 1 branch of the dungeon, and saw 3 of its levels.

You collected 122 gold pieces.

Inventory:

Hand Weapons
 c - a +0 dagger (weapon)
Armour
 a - a +0 robe (worn)
 b - a +0 hat (worn)
Scrolls
 e - 2 scrolls of remove curse {unknown}
 g - a scroll of fog {unknown}
 i - a scroll of identify {unknown}
Potions
 f - a potion of mutation {unknown}
 h - a potion of heal wounds {unknown}
Comestibles
 d - 2 rations


   Skills:
 - Level 3.1 Dodging
 - Level 2.4 Stealth
 + Level 5.0 Spellcasting
 + Level 2.1 Conjurations
 + Level 1.2 Summonings
 - Level 1.1 Translocations
 + Level 0.2 Fire Magic
 + Level 0.1 Air Magic
 + Level 0.2 Poison Magic


You had one spell level left.
You knew the following spells:

 Your Spells              Type           Power        Failure   Level  Hunger
a - Magic Dart            Conj           ###.         3%          1    None
b - Blink                 Tloc           N/A          9%          2    None
c - Conjure Flame         Conj/Fire      ##......     17%         3    ##.....
d - Mephitic Cloud        Conj/Pois/Air  #.......     21%         3    ##.....
e - Call Imp              Summ           ##......     9%          2    None

Your spell library contained the following spells:

 Spells                   Type           Power        Failure   Level  Hunger
 Slow                     Hex            #.......     14%         2    None


Dungeon Overview and Level Annotations

Branches:
Dungeon (2/15)

Altars:


Message History

Casting: Magic Dart (safe; 4% risk of failure)
Confirm with . or Enter, or press ? or * to list all spells.
Aiming: Magic Dart (safe; 4% risk of failure)
Press: ? - help, Shift-Dir - straight line, f/p - gnoll
Aim: a gnoll, wielding a +0 club (almost dead)
The magic dart hits the gnoll.
You kill the gnoll!
Your Spellcasting skill increases to level 5!
A gnoll comes into view. It is wielding a +0 spear.
An orc comes into view. It is wielding a +0 war axe.
The iguana barely misses you. The giant cockroach bites you.
Found a stone staircase leading down.
The orc shouts!
Found a stone staircase leading up.
The iguana barely misses you. The iguana bites you!
Ouch! That really hurt!
* * * LOW HITPOINT WARNING * * *
The gnoll throws a stone.
The stone hits you.
You die...

..##..##..#......#
....#..........##..
##.##...g.......<...
#g....)............#
......#.......##..#
....g #..........##
##.# #...........#
#. #####.g....# #
##..@o## #.slg#
##..## ####


You could see an iguana, 3 gnolls, an orc and a giant cockroach.

Vanquished Creatures
  A gnoll (D:4)
  2 dart slugs (D:1)
  A giant cockroach (D:1)
  4 goblins
  5 hobgoblins (D:1)
  3 jackals (D:2)
  A quokka (D:2)
  2 bats
  3 frilled lizards
  2 kobolds
  A rat (D:2)
25 creatures vanquished.

Vanquished Creatures (others)
  4 toadstools (D:1)
4 creatures vanquished.

Grand Total: 29 creatures vanquished

Notes
Turn   | Place    | Note
-------+----------+-------------------------------------------
     0 | D:1      | pk666 the Deep Elf Wizard began the quest for the Orb.
     0 | D:1      | Reached XP level 1. HP: 10/10 MP: 7/7
   200 | D:1      | Reached XP level 2. HP: 11/15 MP: 1/9
  1112 | D:2      | Reached XP level 3. HP: 18/19 MP: 0/11
  1137 | D:2      | Learned a level 2 spell: Blink
  1141 | D:2      | Learned a level 3 spell: Conjure Flame
  1145 | D:2      | Learned a level 3 spell: Mephitic Cloud
  1148 | D:2      | Learned a level 2 spell: Call Imp
  1212 | D:2      | You fall into a shaft and drop 2 floors!
  1220 | D:4      | Reached skill level 5 in Spellcasting
  1229 | D:4      | Hit by a stone thrown by a gnoll

Levels and vault maps discovered:
D:1:      saegor_arrival_simple_e, layout_rooms, minmay_gold_behind_fungi
D:2:      minmay_skewed_foursquare, layout_basic
D:4:      layout_cave_pools, first_ration, nemelex_lonely_heart_becter,
          uniq_grinder

Skill      XL: |  1  2  3 |
---------------+----------+-----
Dodging        | 3 |  3.1
Conjurations   | 2 |  2.1
Spellcasting   | 5 |  5.0
Stealth        | |  2.4
Summonings     | |  1.2
Translocations | |  1.1
Fire Magic     | |  0.2
Air Magic      | |  0.1
Poison Magic   | |  0.2

Action                   || total
-------------------------++-------
 Cast: Magic Dart        ||    72
Armor: Robe              ||     1
Dodge: Dodged            ||    10

Table legend:
 A = Non-vault XP
 B = Vault XP
 C = Vault XP percentage of total XP
 D = Non-vault monster count
 E = Vault monster count
 F = Vault count percentage of total count
                 A         B        C        D         E       F
            +---------+---------+-------+---------+---------+-------
      Total |      59 |       0 |   0.0 |      25 |       0 |   0.0
            +---------+---------+-------+---------+---------+-------
        D:1 |      30 |       0 |   0.0 |      15 |       0 |   0.0
        D:2 |      14 |       0 |   0.0 |       9 |       0 |   0.0
        D:4 |      15 |       0 |   0.0 |       1 |       0 |   0.0
            +---------+---------+-------+---------+---------+-------
